 Dungeon Crawl Stone Soup version 0.26-a0-958-gf3041fb45f (webtiles) character file.

Game seed: 7437394938048639252

12 Dracia the Sneak (level 2, -2/19 HPs)
             Began as a Kobold Delver on Dec 1, 2020.
             Slain by a sky beast (5 damage)
             ... on level 5 of the Dungeon.
             The game lasted 00:01:18 (124 turns).

Dracia the Sneak (Kobold Delver)                     Turns: 124, Time: 00:01:19

Health: -2/19      AC:  3    Str:  9    XL:     2   Next: 45%
Magic:  2/2        EV: 14    Int: 11    God:
Gold:   17         SH:  0    Dex: 16    Spells: 1/1 levels left

rFire    . . .     SeeInvis .   a - +0 short sword
rCold    . . .     Faith    .   (shield restricted)
rNeg     . . .     Spirit   .   b - +0 leather armour
rPois    .         Reflect  .   (no helmet)
rElec    .         Harm     .   (no cloak)
rCorr    .         Rampage  .   (no gloves)
MR       .....                  (no boots)
Stlth    ++++......             (no amulet)
HPRegen  0.06/turn              (no ring)
MPRegen  0.08/turn              (no ring)

@: no status effects
A: small, nightstalker 3
a: no special abilities


You were on level 5 of the Dungeon.
You visited 1 branch of the dungeon, and saw 1 of its levels.

You collected 17 gold pieces.


Innate Abilities, Weirdness & Mutations

You are small and have problems with some larger weapons.
You are completely attuned to the shadows.


   Skills:
 - Level 3.2 Fighting
 * Level 3.6 Short Blades
 - Level 2.4 Dodging
 + Level 6.8 Stealth


You had one spell level left.
You didn't know any spells.
Your spell library was empty.

Inventory:

Hand Weapons
 a - a +0 short sword (weapon)
Armour
 b - a +0 leather armour (worn)
Wands
 g - a wand of digging (3)
Scrolls
 c - a scroll of fog
 d - a scroll of magic mapping
 h - a scroll of identify {unknown}
 i - a scroll of teleportation {unknown}
Potions
 f - a potion of haste {@q3}

Dungeon Overview and Level Annotations

Branches:
Dungeon (5/15)
 Temple: D:4-7

Altars:

Shops:
D:5

* ....................##
h....#..............w.
.............##+##......
.............#...#.#....
.......#.....#.∩.#.#....
##.....#....##...#..###.#
#..........####'##..###.##
................{w........
................@###...w#
........####.....##....#
#.#...#.....>.....#...##
#.#...##.............##
####.#....#......###.#
####........### ###
##...#....# ##.......#
####...##


You could see a worm.


Message History

There is an open door here.
The adder hisses angrily.
You hit the adder.
The adder is lightly wounded.
The adder bites you but does no damage. The adder barely misses you.
You closely miss the adder.
The adder is lightly wounded.
The adder bites you but does no damage.
You hit the adder.
The adder is moderately wounded.
The adder bites you.
You hit the adder.
The adder is severely wounded.
The adder closely misses you.
You hit the adder.
You kill the adder!
You have reached level 2!
A phantom comes into view.
The sky beast misses you.
You see here an adder corpse.
You closely miss the sky beast.
The sky beast flickers out of sight!
Deactivating autopickup; reactivate with Ctrl-A.
Something hits you but does no damage.
You miss something. Something hits you. Something shocks you.
You hit something but do no damage. Something hits you. Something shocks you.
* * * LOW HITPOINT WARNING * * *
Something hits you.
* * * LOW HITPOINT WARNING * * *
Something shocks you.
You die...

Skill      XL: |  1 |
---------------+----+-----
Short Blades   | 3 |  3.6
Fighting       | |  3.2
Dodging        | |  2.4
Stealth        | |  6.8

Action                   || total
-------------------------++-------
Melee: Short sword       ||    10
  Use: Scroll            ||     1
 Stab: Sleeping          ||     2
Armor: Leather armour    ||     3
Dodge: Dodged            ||     5

Levels and vault maps discovered:
D:5:      layout_cave_pools, st_stairs_3, guppyfry_shop_venom

Notes
Turn   | Place    | Note
-------+----------+-------------------------------------------
     0 | D:5      | Dracia the Kobold Delver began the quest for the Orb.
     0 | D:5      | Reached XP level 1. HP: 14/14 MP: 1/1
    28 | D:5      | Noticed a howler monkey
    30 | D:5      | Reached skill level 3 in Short Blades
    76 | D:5      | Noticed a sky beast
    97 | D:5      | Found Lunoeciukomn's Serpentskin Sales.
   108 | D:5      | Reached XP level 2. HP: 16/19 MP: 2/2
   112 | D:5      | Noticed a phantom
   124 | D:5      | Slain by a sky beast

Vanquished Creatures
  An adder (D:5)
  A leopard gecko (D:5)
  A giant cockroach (D:5)
3 creatures vanquished.

Table legend: (Time is in decaauts)
 A = Elapsed time spent in this place.
 B = Non-inter-level travel time spent in this place.
 C = Inter-level travel time spent in this place.
 D = Time resting spent in this place.
 E = Time spent auto-exploring this place.
 F = Levels seen in this place.
 G = Mean time per level.
                   A        B        C        D        E       F      G
               +--------+--------+--------+--------+--------+-----+--------+
         Total |    123 |    123 |      0 |      0 |     14 |   1 |  123.0 |
       Dungeon |    123 |    123 |      0 |      0 |     14 |   1 |  123.0 |
               +--------+--------+--------+--------+--------+-----+--------+

Top non-repeatable levels by time:
     D:5: 123 daAuts

Table legend:
 A = Non-vault XP
 B = Vault XP
 C = Vault XP percentage of total XP
 D = Non-vault monster count
 E = Vault monster count
 F = Vault count percentage of total count
                 A         B        C        D         E       F
            +---------+---------+-------+---------+---------+-------
      Total |       5 |      13 |  72.2 |       2 |       1 |  33.3
            +---------+---------+-------+---------+---------+-------
        D:5 |       5 |      13 |  72.2 |       2 |       1 |  33.3
            +---------+---------+-------+---------+---------+-------
